 Dungeon Crawl Stone Soup version 0.30-a0-165-g1891117ce2 (webtiles) character file.

Game seed: 2116308998731431478

76 NinjaNoafa the Conjurer (level 4, 0/22 (36) HPs)
             Began as a Draconian Reaver on Sept 28, 2022.
             Slain by a hound (3 damage)
             ... on level 3 of the Dungeon.
             The game lasted 00:08:24 (2298 turns).

NinjaNoafa the Conjurer (Draconian Reaver)          Turns: 2298, Time: 00:08:25

HP:   0/22 (36)     AC:  5    Str: 14    XL:     4   Next: 12%
MP:   6/7           EV: 12    Int: 15    God:
Gold: 63            SH:  0    Dex: 10    Spells: 6/7 levels left

rFire   . . .      SeeInvis .    q - +0 quarterstaff
rCold   . . .      Faith    .    (shield currently unavailable)
rNeg    + . .      Spirit   .    (body armour unavailable)
rPois   .          Reflect  .    (helmet restricted)
rElec   .          Harm     .    (no cloak)
rCorr   .          Rampage  .    (no gloves)
Will    .....                    (no boots)
Stlth   +.........               (no amulet)
HPRegen 0.07/turn                s - ring of positive energy
MPRegen 0.10/turn                (no ring)

@: very heavily drained
A: AC +5, unfitting armour, cold-blooded
a: no special abilities


You were on level 3 of the Dungeon.
You visited 1 branch of the dungeon, and saw 3 of its levels.

You collected 103 gold pieces.
You spent 40 gold pieces at shops.

Inventory:

Hand Weapons
 q - a +0 quarterstaff (weapon)
Missiles
 g - 3 stones
 n - 4 poisoned darts
Jewellery
 s - a ring of positive energy (left hand)
Scrolls
 a - a scroll of brand weapon {unknown}
 b - a scroll of immolation {unknown}
 e - 2 scrolls of fog {unknown}
 h - 3 scrolls of identify {unknown}
 i - a scroll of enchant armour {unknown}
 j - 2 scrolls of blinking {unknown}
 k - a scroll of poison {unknown}
 o - 3 scrolls of vulnerability {unknown}
Potions
 c - a potion of degeneration {unknown}
 d - a potion of cancellation {unknown}
 f - a potion of berserk rage {unknown}
 l - a potion of ambrosia {unknown}
 m - 2 potions of curing {unknown}
 p - a potion of attraction {unknown}
 r - a potion of flight {unknown}
 t - a potion of invisibility


   Skills:
 + Level 2.2 Fighting
 - Level 3.0 Axes
 + Level 0.1 Staves
 - Level 1.7 Dodging
 - Level 2.0 Spellcasting
 + Level 3.7 Conjurations
 - Level 3.0 Necromancy


You had 6 spell levels left.
You knew the following spells:

 Your Spells              Type           Power      Damage    Failure   Level
a - Kiss of Death         Conj/Necr      44%        2d8       5%          1

Your spell library contained the following spells:

 Spells                   Type           Power      Damage    Failure   Level
 Momentum Strike          Conj/Tloc      14%        3d8       16%         2
 Hailstorm                Conj/Ice       7%         3d4       30%         3
 Ensorcelled Hibernation  Hex/Ice        2%         N/A       32%         2
 Call Canine Familiar     Summ           1%         N/A       54%         3
 Portal Projectile        Hex/Tloc       2%         N/A       54%         3
 Spider Form              Tmut/Pois      1%         N/A       54%         3
 Anguish                  Hex/Necr       3%         N/A       75%         4
 Leda's Liquefaction      Hex/Erth       0%         N/A       91%         4


Dungeon Overview and Level Annotations

Branches:
Dungeon (3/15)

Altars:

Shops:
D:2 (

Annotations:
D:3 Ijyb


Innate Abilities, Weirdness & Mutations

Your plain brown scales are hard. (AC +5)
You cannot fit into any form of body armour.
You are cold-blooded and may be slowed by cold attacks.


Message History

The hound bites you. x2
You hit the hound.
The hound is lightly wounded.
The hound barely misses you. The hound closely misses you.
You barely miss the hound.
The hound is lightly wounded.
The hound misses you.
Ijyb the Twisted Goblin comes into view.
She is wielding a +0 trident and carrying a wand of flame (21).
The hound bites you.
You barely miss the hound.
The hound is lightly wounded.
The hound barely misses you. The hound bites you.
You closely miss the hound.
The hound is lightly wounded.
The hound closely misses you. The hound bites you.
Casting: Kiss of Death (safe; 5% risk of failure)
Confirm with . or Enter, or press ? or * to list all spells.
Aiming: Kiss of Death (safe; 5% risk of failure)
Press: ? - help, Shift-Dir - straight line, f - hound
Aim: a hound (lightly wounded, 100% to hit)
The negative energy hits the hound!
The hound is drained!
The hound is severely wounded.
You feel drained.
Ijyb shouts!
The hound bites you.
You barely miss the hound.
The hound is severely wounded.
The hound bites you. x2
You barely miss the hound.
The hound is severely wounded.
The hound barely misses you.
Ijyb hits you from afar with a +0 trident.
The hound barely misses you. Ijyb closely misses you.
You miss the hound. You tail-slap the hound.
The hound is severely wounded.
The hound closely misses you. x2
Ijyb hits you from afar with a +0 trident!
* * * LOW HITPOINT WARNING * * *
The hound attacks as you move away! The hound bites you.
You die...

#.# .... #.#
.... #.# .....
#.# ..... .#
#.#......
....###.#g.....
........hb.....
##@# #..#
...#..#
..#.####.#
..#......#
#.#..#####
#.#..# #.#..#
#..<.#####..


You could see Ijyb, a hound (very drained) and a bat.

Vanquished Creatures
  Terence (D:2)
  A worm (D:2)
  2 bats
  5 endoplasms
  8 goblins
  2 hobgoblins
  3 jackals (D:1)
  2 kobolds
  A quokka (D:1)
  10 ball pythons
  4 frilled lizards
  5 rats
44 creatures vanquished.

Notes
Turn   | Place    | Note
-------+----------+-------------------------------------------
     0 | D:1      | NinjaNoafa the Draconian Reaver began the quest for the
                  | Orb.
     0 | D:1      | Reached XP level 1. HP: 17/17 MP: 3/3
   114 | D:1      | Reached skill level 1 in Necromancy
   208 | D:1      | Reached XP level 2. HP: 15/24 MP: 5/5
  1134 | D:1      | Reached XP level 3. HP: 29/29 MP: 6/6
  1408 | D:2      | Noticed Terence
  1424 | D:2      | Killed Terence
  1697 | D:2      | Reached XP level 4. HP: 24/28 MP: 5/7
  1778 | D:2      | Found Onwem's Weapon Emporium.
  1844 | D:2      | Bought a +0 quarterstaff for 40 gold pieces
  2291 | D:3      | Noticed Ijyb
  2298 | D:3      | Slain by a hound

Illustrated notes

Levels and vault maps discovered:
D:1:      wander_arrival_desolate, layout_loops_cross
D:2:      layout_basic, serial_shops, nicolae_shop_bloodbath_and_beyond,
          uniq_terence
D:3:      layout_basic, serial_shops, shop, uniq_ijyb

Skill      XL: |  1  2  3 |
---------------+----------+-----
Necromancy     | 1 2 3 |  3.0
Fighting       | |  2.2
Axes           | |  3.0
Staves         | |  0.1
Dodging        | |  1.7
Spellcasting   | |  2.0
Conjurations   | |  3.7

Action                   |  1- 3 |  4- 6 || total
-------------------------+-------+-------++-------
Melee: Hand axe          |   108 |     5 ||   113
       Tailslap          |    11 |     2 ||    13
       Quarterstaff      |       |    16 ||    16
 Cast: Kiss of Death     |     4 |     1 ||     5
 Stab: Sleeping          |       |     1 ||     1
Armor: Skin              |    36 |     2 ||    38
Dodge: Dodged            |    84 |    16 ||   100

Table legend: (Time is in decaauts)
 A = Elapsed time spent in this place.
 B = Non-inter-level travel time spent in this place.
 C = Inter-level travel time spent in this place.
 D = Time resting spent in this place.
 E = Time spent auto-exploring this place.
 F = Levels seen in this place.
 G = Mean time per level.
                   A        B        C        D        E       F      G
               +--------+--------+--------+--------+--------+-----+--------+
         Total |   2328 |   2301 |     27 |      0 |   1916 |   3 |  776.0 |
       Dungeon |   2328 |   2301 |     27 |      0 |   1916 |   3 |  776.0 |
               +--------+--------+--------+--------+--------+-----+--------+

Top non-repeatable levels by time:
     D:1: 1389 daAuts
     D:2: 909 daAuts
     D:3: 29 daAuts
